 Dungeon Crawl Stone Soup version 0.24.0-37-gcf1ca852f1 (webtiles) character file.

Game seed: 14374473262751349218, levelgen mode: deterministic

130 FishyPogo the Conjurer (level 5, 0/37 HPs)
             Began as a Gnoll Conjurer on Dec 8, 2019.
             Slain by a gnoll (7 damage)
             ... on level 3 of the Dungeon.
             The game lasted 00:04:38 (877 turns).

FishyPogo the Conjurer (Gnoll Conjurer)              Turns: 877, Time: 00:04:39

Health: 0/37       AC:  3    Str: 10    XL:     5   Next: 14%
Magic:  1/12       EV: 15    Int: 20    God:
Gold:   108        SH:  0    Dex: 16    Spells: 4/14 levels left

rFire    . . .     SeeInvis .   g - +0 short sword
rCold    . . .     Gourm    .   (no shield)
rNeg     . . .     Faith    .   a - +0 robe
rPois    .         Spirit   .   (no helmet)
rElec    .         Reflect  .   (no cloak)
rCorr    .         Harm     .   (no gloves)
MR       .....                  m - +0 pair of boots
Stlth    +++.......             (no amulet)
HPRegen  0.12/turn              i - +2 ring of intelligence
MPRegen  0.13/turn              (no ring)

@: no status effects
A: distributed training, fangs 1, strong nose
a: no special abilities


You were on level 3 of the Dungeon.
You were not hungry.

You visited 1 branch of the dungeon, and saw 3 of its levels.

You collected 108 gold pieces.

Inventory:

Hand Weapons
 g - a +0 short sword (weapon)
Missiles
 d - 33 stones (quivered)
 e - 21 poisoned darts
 n - a boomerang of dispersal
Armour
 a - a +0 robe (worn)
 m - a +0 pair of boots (worn)
Jewellery
 i - a +2 ring of intelligence (left hand)
Scrolls
 b - 2 scrolls of identify {unknown}
 j - a scroll of blinking {unknown}
 k - a scroll of enchant weapon {unknown}
 l - a scroll of enchant armour {unknown}
Potions
 h - a potion of agility {unknown}
Comestibles
 c - 4 rations
 f - 4 chunks of flesh


   Skills:
 + Level 1.3 Fighting
 + Level 1.3 Short Blades
 + Level 1.3 Long Blades
 + Level 1.3 Axes
 + Level 1.3 Maces & Flails
 + Level 1.3 Polearms
 + Level 1.3 Staves
 + Level 1.3 Slings
 + Level 1.3 Bows
 + Level 1.3 Crossbows
 + Level 1.3 Throwing
 + Level 1.3 Armour
 + Level 4.7 Dodging
 + Level 4.3 Stealth
 + Level 1.3 Shields
 + Level 1.3 Unarmed Combat
 + Level 5.1 Spellcasting
 + Level 7.1 Conjurations
 + Level 1.1 Hexes
 + Level 1.1 Charms
 + Level 1.1 Summonings
 + Level 1.1 Necromancy
 + Level 1.1 Translocations
 + Level 1.1 Transmutations
 + Level 1.1 Fire Magic
 + Level 1.1 Ice Magic
 + Level 1.1 Air Magic
 + Level 1.1 Earth Magic
 + Level 1.1 Poison Magic
 + Level 1.5 Invocations
 + Level 1.3 Evocations


You had 4 spell levels left.
You knew the following spells:

 Your Spells              Type           Power        Failure   Level  Hunger
a - Magic Dart            Conj           ####         1%          1    None
b - Searing Ray           Conj           ####..       1%          2    None
d - Dazzling Spray        Conj/Hex       ###...       6%          3    ##.....
k - Iskenderun's Mystic   Conj           ####....     6%          4    ####...

Your spell library contained the following spells:

 Spells                   Type           Power        Failure   Level  Hunger
 Force Lance              Conj/Tloc      ###.....     21%         4    ####...
 Fulminant Prism          Conj/Hex       ###.......   21%         4    ####...


Dungeon Overview and Level Annotations

Branches:
Dungeon (3/15)

Altars:


Innate Abilities, Weirdness & Mutations

Your experience applies equally to all skills.
You have very sharp teeth.
Your uncanny sense of smell can sniff out nearby items.


Message History

The searing ray hits the gnoll.
The gnoll is severely wounded. (Press . to maintain the ray.)
The gnoll barely misses you.
The searing ray hits the gnoll.
The gnoll is almost dead.
The gnoll shouts!
The gnoll barely misses you.
The searing ray hits the gnoll!
You kill the gnoll!
The searing ray misses the gnoll.
The searing ray hits the gnoll!
The gnoll is almost dead.
You finish channeling your searing ray.
You hit the gnoll. You bite the gnoll.
The gnoll is lightly wounded.
The gnoll completely misses you.
You hit the gnoll. Your bite misses the gnoll.
The gnoll is moderately wounded.
The gnoll hits you!
You die...

#.........# #
#.........##..
#.............
#...)...g.....
#.......g....
####(##.....g
#g# ..... ∆
#g# ....
###@########
#.......#
#.....#)#
#.....#.#
###.....#.#
#.'.....#.#
#.#.....#.#
#.#.....#.# ∆
#.#.#.#.#.#


You could see 2 gnolls.

Vanquished Creatures
  An orc priest (D:3)
  A hound zombie (D:2)
  2 gnolls (D:3)
  3 adders
  An ooze (D:1)
  A worm (D:3)
  A leopard gecko (D:1)
  2 orcs (D:3)
  4 giant cockroaches
  2 goblins (D:1)
  3 hobgoblins (D:1)
  A ball python (D:1)
  2 bats (D:1)
  6 frilled lizards
  4 kobolds
  3 rats (D:1)
37 creatures vanquished.

Notes
Turn   | Place    | Note
-------+----------+-------------------------------------------
     0 | D:1      | FishyPogo the Gnoll Conjurer began the quest for the Orb.
     0 | D:1      | Reached XP level 1. HP: 13/13 MP: 6/6
   162 | D:1      | Reached XP level 2. HP: 16/19 MP: 3/7
   172 | D:1      | Learned a level 2 spell: Searing Ray
   406 | D:1      | Reached skill level 5 in Spellcasting
   406 | D:1      | Reached XP level 3. HP: 25/25 MP: 0/9
   411 | D:1      | Learned a level 3 spell: Dazzling Spray
   570 | D:2      | Reached skill level 1 in Invocations
   579 | D:2      | Reached skill level 1 in Fighting
   579 | D:2      | Reached skill level 1 in Short Blades
   579 | D:2      | Reached skill level 1 in Long Blades
   579 | D:2      | Reached skill level 1 in Axes
   579 | D:2      | Reached skill level 1 in Maces & Flails
   579 | D:2      | Reached skill level 1 in Polearms
   579 | D:2      | Reached skill level 1 in Staves
   579 | D:2      | Reached skill level 1 in Slings
   579 | D:2      | Reached skill level 1 in Bows
   579 | D:2      | Reached skill level 1 in Crossbows
   579 | D:2      | Reached skill level 1 in Throwing
   579 | D:2      | Reached skill level 1 in Armour
   579 | D:2      | Reached skill level 1 in Shields
   579 | D:2      | Reached skill level 1 in Unarmed Combat
   579 | D:2      | Reached skill level 1 in Evocations
   631 | D:2      | Reached XP level 4. HP: 32/32 MP: 4/11
   653 | D:2      | Learned a level 4 spell: Iskenderun's Mystic Blast
   715 | D:3      | Reached skill level 1 in Hexes
   715 | D:3      | Reached skill level 1 in Charms
   715 | D:3      | Reached skill level 1 in Summonings
   715 | D:3      | Reached skill level 1 in Necromancy
   715 | D:3      | Reached skill level 1 in Translocations
   715 | D:3      | Reached skill level 1 in Transmutations
   715 | D:3      | Reached skill level 1 in Fire Magic
   715 | D:3      | Reached skill level 1 in Ice Magic
   715 | D:3      | Reached skill level 1 in Air Magic
   715 | D:3      | Reached skill level 1 in Earth Magic
   715 | D:3      | Reached skill level 1 in Poison Magic
   870 | D:3      | Reached XP level 5. HP: 15/37 MP: 7/12
   877 | D:3      | Slain by a gnoll

Levels and vault maps discovered:
D:1:      dpeg_arrival_windows_large_door, layout_rooms
D:2:      layout_loops_ring, minmay_unequal, uniq_terence
D:3:      layout_basic, minmay_joined_circles, uniq_robin

Skill      XL: |  1  2  3  4 |
---------------+-------------+-----
Spellcasting   | 5 |  5.1
Invocations    | 1 |  1.5
Fighting       | 1 |  1.3
Short Blades   | 1 |  1.3
Long Blades    | 1 |  1.3
Axes           | 1 |  1.3
Maces & Flails | 1 |  1.3
Polearms       | 1 |  1.3
Staves         | 1 |  1.3
Slings         | 1 |  1.3
Bows           | 1 |  1.3
Crossbows      | 1 |  1.3
Throwing       | 1 |  1.3
Armour         | 1 |  1.3
Shields        | 1 |  1.3
Unarmed Combat | 1 |  1.3
Evocations     | 1 |  1.3
Hexes          | 1 |  1.1
Charms         | 1 |  1.1
Summonings     | 1 |  1.1
Necromancy     | 1 |  1.1
Translocations | 1 |  1.1
Transmutations | 1 |  1.1
Fire Magic     | 1 |  1.1
Ice Magic      | 1 |  1.1
Air Magic      | 1 |  1.1
Earth Magic    | 1 |  1.1
Poison Magic   | 1 |  1.1
Dodging        | |  4.7
Stealth        | |  4.3
Conjurations   | |  7.1

Action                   |  1- 3 |  4- 6 || total
-------------------------+-------+-------++-------
Melee: Unarmed           |     1 |       ||     1
       Short sword       |    10 |    16 ||    26
       Bite              |     1 |     3 ||     4
 Cast: Magic Dart        |    45 |    12 ||    57
       Searing Ray       |     1 |     2 ||     3
       Dazzling Spray    |       |     2 ||     2
       Iskenderun's Myst |       |     1 ||     1
 Stab: Sleeping          |     1 |       ||     1
Armor: Robe              |     2 |     3 ||     5
Dodge: Dodged            |    14 |    12 ||    26
